 Dungeon Crawl Stone Soup version 0.23-a0-299-g9a66eeb (webtiles) character file.

66 mopl the Chopper (level 3, -4/29 HPs)
             Began as a Demonspawn Fighter on Oct 6, 2018.
             Killed from afar by Sigmund (9 damage)
             ... with a puff of flame
             ... on level 2 of the Dungeon.
             The game lasted 00:01:49 (1366 turns).

mopl the Chopper (Demonspawn Fighter)               Turns: 1366, Time: 00:01:50

Health: -4/29      AC:  8    Str: 14 (16) XL:     3   Next: 96%
Magic:  3/3        EV:  6    Int:  6 (9)  God:
Gold:   48         SH:  8    Dex: 10 (13) Spells: 2/2 levels left

rFire    . . .     SeeInvis .   a - +0 war axe
rCold    . . .     Gourm    .   c - +0 shield
rNeg     . . .     Faith    .   b - +0 scale mail
rPois    .         Spirit   .   (no helmet)
rElec    .         Reflect  .   (no cloak)
rCorr    .         Harm     .   (no gloves)
MR       .....                  (no boots)
Stlth    ..........             (no amulet)
HPRegen  0.09/turn              m - +1 ring of slaying
MPRegen  0.08/turn              (no ring)

@: no status effects
A: icy blue scales 1
a: no special abilities


You were on level 2 of the Dungeon.
You were not hungry.

You visited 1 branch of the dungeon, and saw 2 of its levels.

You collected 48 gold pieces.

Inventory:

Hand Weapons
 a - a +0 war axe (weapon)
Armour
 b - a +0 scale mail (worn)
 c - a +0 shield (worn)
Jewellery
 m - a +1 ring of slaying (left hand)
Scrolls
 e - 2 scrolls of identify {unknown}
 g - 2 scrolls of remove curse {unknown}
 n - a scroll of magic mapping {unknown}
 o - a scroll of enchant weapon {unknown}
Potions
 d - a potion of might
 h - a potion of brilliance {unknown}
 j - a potion of degeneration
 k - a potion of flight {unknown}
 l - a potion of heal wounds {unknown}
 p - a potion of haste {unknown}
Comestibles
 f - 4 rations
 i - a chunk of flesh


   Skills:
 - Level 3.0 Fighting
 + Level 3.9 Axes
 - Level 2.6 Armour
 - Level 2.6 Shields


You had 2 spell levels left.
You didn't know any spells.
Your spell library was empty.

Dungeon Overview and Level Annotations

Branches:
Dungeon (2/15)

Altars:

Annotations:
D:2 Sigmund


Innate Abilities, Weirdness & Mutations

You are partially covered in icy blue scales. (AC +2)


Message History

You hit something. Something hits you but does no damage.
You miss something. Something hits you.
You miss something. Something hits you!
Your shield and scale mail prevent you from hitting something.
Something hits you.
Your shield prevents you from hitting something.
You block something's attack.
Your shield and scale mail prevent you from hitting something.
Something hits you.
You completely miss something. Something hits you.
* * * LOW HITPOINT WARNING * * *
It was a potion of degeneration.
There was something very wrong with that liquid.
You feel weakened.
You feel dopey.
You feel clumsy.
Okay, then.
Something hits you.
* * * LOW HITPOINT WARNING * * *
A puff of flame appears from out of thin air!
The puff of flame hits you!
You die...

.# #....#
....#.....÷...(..#
.####....#
#...#............#
.........##
#...#.......######
..........#
#...#.......#
..........##
#...######+##
.#######...# #...#
#.#.# #..$# #.#.#
#...# #.#.## #.@.#
#.#..# ##'##
#.##.# #.# #.##.##
#.# #.##..# #.#
#.###.# #.# #.#
#.# #.# #......#
#.# #.###.#
#..<... #.#
#÷.##.#
#.....#####.


There were no monsters in sight!

Vanquished Creatures
  2 adders (D:2)
  A worm (D:2)
  A dart slug (D:1)
  3 giant cockroaches
  5 goblins
  6 hobgoblins
  4 jackals (D:2)
  A ball python (D:2)
  6 bats
  3 frilled lizards
  4 kobolds
  5 rats (D:1)
41 creatures vanquished.

Notes
Turn   | Place    | Note
-------+----------+-------------------------------------------
     0 | D:1      | mopl the Demonspawn Fighter began the quest for the Orb.
     0 | D:1      | Reached XP level 1. HP: 18/18 MP: 1/1
     8 | D:1      | Reached skill level 2 in Axes
   207 | D:1      | Gained mutation: You are partially covered in icy blue
                  | scales. (AC +2) [demonic ancestry]
   207 | D:1      | Reached XP level 2. HP: 23/24 MP: 2/2
   480 | D:1      | Reached skill level 3 in Axes
   677 | D:1      | Reached XP level 3. HP: 29/29 MP: 3/3
  1349 | D:2      | Noticed Sigmund
  1366 | D:2      | Killed from afar by Sigmund

Vault maps used:
D:1:      tarquinn_simple_flora_water_e
D:2:      uniq_sigmund

Skill      XL: |  1  2 |
---------------+-------+-----
Axes           | 2 3 |  3.9
Fighting       | |  3.0
Armour         | |  2.6
Shields        | |  2.6

Action                   || total
-------------------------++-------
Melee: War axe           ||   131
  Use: Potion            ||     1
  Eat: Chunk             ||     2
Armor: Scale mail        ||    69
Dodge: Dodged            ||    40
Block: Shield            ||    66

Table legend:
 A = Non-vault XP
 B = Vault XP
 C = Vault XP percentage of total XP
 D = Non-vault monster count
 E = Vault monster count
 F = Vault count percentage of total count
                 A         B        C        D         E       F
            +---------+---------+-------+---------+---------+-------
      Total |      95 |       0 |   0.0 |      41 |       0 |   0.0
            +---------+---------+-------+---------+---------+-------
        D:1 |      45 |       0 |   0.0 |      27 |       0 |   0.0
        D:2 |      50 |       0 |   0.0 |      14 |       0 |   0.0
            +---------+---------+-------+---------+---------+-------
